[Event "XI Paracin Festival 2018"]
[Site "Paracin"]
[Date "2018.07.06"]
[Round "1"]
[White "Parnali, S Dharia"]
[Black "Ivic, Velimir"]
[Result "1-0"]
[ECO "E94"]
[WhiteElo "2170"]
[BlackElo "2432"]
[Annotator "NA"]
[PlyCount "105"]
[EventDate "2018.07.06"]
[EventType "swiss"]
[EventCountry "SRB"]
[SourceTitle "playchess.com"]
[Source "ChessBase"]
[SourceQuality "1"]
[TimeControl "5400+30"]

1. d4 Nf6 2. c4 g6 3. Nc3 Bg7 4. e4 d6 5. Nf3 O-O 6. Be2 e5 7. O-O Na6 8. dxe5 dxe5 9. b3 {[%emt 0:00:29] E94: King's Indian: Classical: 6 Be2 e5 7 0-0: Various Black 7th moves} (9. Be3 c6 10. Qxd8 Rxd8 11. Rfd1 Re8 12. h3 Bf8 13. Nd2 Nc5 14. b4 Ne6 15. c5 Nd4 16. Bd3 a5 17. a3 Rd8 18. Nc4 axb4 19. axb4 Rxa1 20. Rxa1 {½-½ (97) Grachev,B (2657)-Shimanov,A (2606) Kaliningrad 2015}) 9... Qe7 10. Nd5 Qd6 11. Nxf6+ $146 ({Predecessor:} 11. Bg5 Nxd5 12. Qxd5 Qa3 13. Bc1 Qe7 14. Bg5 Qe6 15. Rfd1 c6 16. Qd6 Qxd6 17. Rxd6 {½-½ (61) Bochkarev,A (2361)-Nanu,C (2412) Bucharest 2001}) 11... Qxf6 12. Ba3 Rd8 13. Qc2 Bg4 14. Ne1 Be6 15. Nf3 Nb8 16. Rad1 Nc6 17. Rxd8+ Rxd8 18. Rd1 Re8 19. Bb2 Qe7 20. Bc3 a5 21. Ne1 Nd4 22. Qb2 b6 23. Nd3 c5 24. Bf1 Rd8 25. Bxd4 Rxd4 26. Qe2 Qd6 27. Nb2 Bd7 28. g3 h5 29. Bg2 Bh6 30. Rd3 Kg7 31. Qd1 h4 32. Rxd4 cxd4 33. Nd3 h3 34. Bf3 Bg5 35. Qc2 f5 36. Kf1 Kf6 37. c5 Qc7 38. Qc4 Kg7 39. a4 Bc6 40. cxb6 Qd6 (40... Qxb6 $142 41. Nxe5 Be8 42. exf5 gxf5) 41. Nxe5 Qxe5 42. Qxc6 Kh6 43. exf5 Bf6 44. Qc1+ Bg5 45. Qc6 Bf6 46. Qd5 Qe7 47. fxg6 Be5 48. b7 Qg5 49. Qc5 Qf6 50. Be4 Qa6+ 51. Qb5 Qe6 52. Qc4 Qe7 53. Qg8 1-0

[Event "XI Paracin Festival 2018"]
[Site "Paracin"]
[Date "2018.07.06"]
[Round "1"]
[White "Uuriintuya, Uurtsaikh"]
[Black "Lajthajm, Borko"]
[Result "1-0"]
[ECO "B43"]
[WhiteElo "2158"]
[BlackElo "2422"]
[Annotator "ChessBase"]
[PlyCount "105"]
[EventDate "2018.07.06"]
[EventType "swiss"]
[EventCountry "SRB"]
[SourceTitle "playchess.com"]
[Source "ChessBase"]
[SourceQuality "1"]
[TimeControl "5400+30"]

1. e4 c5 2. Nf3 e6 3. d4 cxd4 4. Nxd4 a6 5. Nc3 Qc7 6. Be2 Nf6 7. O-O Bb4 8. Bg5 Bxc3 9. Bxf6 gxf6 10. bxc3 Qxc3 11. Rb1 Nc6 12. Nxc6 bxc6 13. f4 Qe3+ 14. Kh1 Ke7 15. e5 fxe5 16. Rb3 Qc5 17. fxe5 Qxe5 18. Qe1 f5 19. Qh4+ Qf6 20. Qc4 h5 21. Qc5+ Kf7 22. Qd6 a5 23. Rxf5 Qxf5 24. Rf3 Qxf3 25. Bxf3 a4 26. c4 Ra5 27. c5 Rb5 28. h3 Rb4 29. Qe5 Rh6 30. Qg5 Rh7 31. Bxh5+ Rxh5 32. Qxh5+ Ke7 33. Qg5+ Kf7 34. h4 Ba6 35. h5 Bd3 36. Qd2 Rb1+ 37. Kh2 Bf5 38. Qxd7+ Kf6 39. h6 Ke5 40. h7 Bxh7 41. Qxh7 Re1 42. Qc7+ Kd4 43. Qxc6 e5 44. Qxa4+ Kd5 45. c6 Rc1 46. Qb5+ Kd6 47. Qb4+ Kxc6 48. Qe4+ Kd6 49. a4 Rd1 50. a5 Rd4 51. Qb7 e4 52. a6 e3 53. Kg3 1-0

[Event "XI Paracin Festival 2018"]
[Site "Paracin"]
[Date "2018.07.06"]
[Round "1"]
[White "Peycheva, Gergana"]
[Black "Stankovic, Milos"]
[Result "0-1"]
[ECO "A50"]
[WhiteElo "2157"]
[BlackElo "2420"]
[Annotator "ChessBase"]
[PlyCount "60"]
[EventDate "2018.07.06"]
[EventType "swiss"]
[EventCountry "SRB"]
[SourceTitle "playchess.com"]
[Source "ChessBase"]
[SourceQuality "1"]
[TimeControl "5400+30"]

1. d4 Nf6 2. c4 g6 3. f3 Nc6 4. e4 e5 5. d5 Nd4 6. Nc3 Bg7 7. Nge2 c5 8. Be3 d6 9. Qd2 O-O 10. h4 a6 11. Nc1 Nh5 12. Bd3 f5 13. Bg5 Qe8 14. Bh6 Ng3 15. Bxg7 Kxg7 16. Rh3 Nxe4 17. fxe4 fxe4 18. Re3 exd3 19. Nxd3 b5 20. O-O-O Bf5 21. Nf2 Bc2 22. Rf1 b4 23. Ne2 Qa4 24. Nxd4 cxd4 25. Rf3 Rxf3 26. gxf3 b3 27. Qg5 Rf8 28. h5 Qxc4 29. Qe7+ Kg8 30. Qe6+ Kh8 0-1

[Event "XI Paracin Festival 2018"]
[Site "Paracin"]
[Date "2018.07.06"]
[Round "1"]
[White "Krstic, Milos"]
[Black "Djordjevic, Vuk D"]
[Result "0-1"]
[ECO "C18"]
[WhiteElo "2137"]
[BlackElo "2403"]
[Annotator "ChessBase"]
[PlyCount "57"]
[EventDate "2018.07.06"]
[EventType "swiss"]
[EventCountry "SRB"]
[SourceTitle "playchess.com"]
[Source "ChessBase"]
[SourceQuality "1"]
[TimeControl "5400+30"]

1. e4 e6 2. d4 d5 3. Nc3 Bb4 4. e5 c5 5. a3 Bxc3+ 6. bxc3 Ne7 7. Qg4 Qc7 8. Qxg7 Rg8 9. Qxh7 cxd4 10. Ne2 Nbc6 11. f4 Bd7 12. h4 O-O-O 13. Qd3 dxc3 14. h5 Nf5 15. h6 Rg6 16. h7 Rh8 17. Qxc3 Be8 18. Bd2 f6 19. exf6 Rxh7 20. Rxh7 Qxh7 21. O-O-O Qh4 22. Kb1 Nd6 23. g3 Qh5 24. Qe3 Rxf6 25. Bc3 Nc4 26. Qf2 Rh6 27. Bb2 Bg6 28. Bg2 Bf5 29. Nd4 0-1

[Event "XI Paracin Festival 2018"]
[Site "Paracin"]
[Date "2018.07.06"]
[Round "1"]
[White "Mar, Karmen"]
[Black "McPhillips, Joseph"]
[Result "0-1"]
[ECO "C05"]
[WhiteElo "2130"]
[BlackElo "2402"]
[Annotator "NA"]
[PlyCount "98"]
[EventDate "2018.07.06"]
[EventType "swiss"]
[EventCountry "SRB"]
[SourceTitle "playchess.com"]
[Source "ChessBase"]
[SourceQuality "1"]
[TimeControl "5400+30"]

1. e4 e6 2. d4 d5 3. Nd2 Nf6 4. e5 Nfd7 5. Bd3 c5 6. c3 Nc6 7. Ngf3 g6 8. O-O Bg7 9. Re1 O-O 10. Nf1 {C06: French Tarrasch: 3...Nf6 4 e5 Nfd7 5 Bd3 main lines} cxd4 11. cxd4 Qb6 12. Bc2 f6 13. exf6 Nxf6 14. Rb1 Bd7 15. h3 Nb4 16. Bb3 Bb5 {[#]} 17. Be3 $146 ({Predecessor:} 17. Ne5 Ne4 {0-1 (50) Benjamin,J (2577)-Gurevich,M (2667) Cap d'Agde 2000}) 17... Nd3 18. Re2 Nb4 19. Re1 Nd3 20. Re2 Ne4 21. Rc2 Nb4 22. Rcc1 a5 23. a4 Ba6 24. Bc2 Na2 25. Bxe4 dxe4 26. d5 Qd8 27. Ng5 Nxc1 28. Nxe6 Ne2+ 29. Kh1 Qh4 30. Nxf8 Rxf8 31. d6 Nf4 32. Ng3 Nd3 $17 (32... Bd3 $19 {has better winning chances.} 33. Rc1 h5 34. Qb3+ Kh8) 33. Qb3+ Kh8 34. Qe6 Qd8 ({Not} 34... Nxb2 35. Rc1 $11) 35. Nxe4 Re8 36. Qg4 Ne5 37. Qg5 Bd3 38. Qxd8 Rxd8 39. Re1 Bxe4 40. Bg5 Nd3 41. Rxe4 Nxf2+ 42. Kg1 Nxe4 43. Bxd8 Nxd6 44. Bxa5 Bxb2 45. Bb4 Ne4 46. g4 Bc3 47. Ba3 Ba5 48. Bb2+ Kg8 49. Bd4 Nc3 0-1

[Event "XI Paracin Festival 2018"]
[Site "Paracin"]
[Date "2018.07.07"]
[Round "2"]
[White "Perunovic, Milos"]
[Black "Sylvan, Jacob"]
[Result "*"]
[WhiteElo "2596"]
[BlackElo "2332"]
[Annotator "ChessBase"]
[PlyCount "101"]
[EventDate "2018.07.06"]
[EventType "swiss"]
[EventCountry "SRB"]
[SourceTitle "playchess.com"]
[Source "ChessBase"]
[SourceQuality "1"]
[TimeControl "5400+30"]

1. e4 c5 2. Nf3 e6 3. d4 cxd4 4. Nxd4 Nc6 5. Nc3 Qc7 6. Be3 a6 7. Qd2 Nf6 8. f4 Bb4 9. Bd3 Na5 10. a3 Bxc3 11. Qxc3 Qxc3+ 12. bxc3 d5 13. e5 Ne4 14. Nb3 Nc4 15. Bxc4 dxc4 16. Na5 Bd7 17. Bd4 Rc8 18. Rb1 b5 19. Ke2 Ke7 20. Rhd1 f5 21. exf6+ gxf6 22. Ke3 Nc5 23. Rd2 Rhg8 24. Rbd1 Be8 25. Bxc5+ Rxc5 26. g3 h5 27. Kf3 e5 28. Rd6 h4 29. R1d2 hxg3 30. hxg3 e4+ 31. Kxe4 Rxg3 32. Rxa6 Rc7 33. Rh2 Bg6+ 34. Kd5 Bf7+ 35. Kd4 Rg4 36. Re2+ Kf8 37. Rxf6 Kg7 38. Rf5 Bg6 39. Rxb5 Rxf4+ 40. Ke3 Re7+ 41. Kxf4 Rxe2 42. Rb7+ Kf6 43. Rb6+ Kf7 44. Nc6 Bxc2 45. Nd4 Re4+ 46. Kf3 Bd3 47. a4 Re1 48. a5 Rc1 49. Nb5 Ra1 50. a6 Bf5 51. Ke3 *

[Event "XI Paracin Festival 2018"]
[Site "Paracin"]
[Date "2018.07.07"]
[Round "2"]
[White "Shyam, Sundar M"]
[Black "Marjanovic, Annamaria"]
[Result "1-0"]
[ECO "C91"]
[WhiteElo "2527"]
[BlackElo "2325"]
[Annotator "ChessBase"]
[PlyCount "59"]
[EventDate "2018.07.06"]
[EventType "swiss"]
[EventCountry "SRB"]
[SourceTitle "playchess.com"]
[Source "ChessBase"]
[SourceQuality "1"]
[TimeControl "5400+30"]

1. e4 e5 2. Nf3 Nc6 3. Bb5 a6 4. Ba4 Nf6 5. O-O Be7 6. Re1 b5 7. Bb3 d6 8. c3 O-O 9. d4 Bg4 10. d5 Na5 11. Bc2 c6 12. h3 Bc8 13. dxc6 Qc7 14. Nbd2 Qxc6 15. Nf1 Be6 16. Ng5 Bc8 17. Ng3 h6 18. Nf3 Re8 19. Nh4 Bb7 20. Nhf5 Bf8 21. Qf3 Re6 22. Ne3 Rb8 23. Rd1 Nc4 24. Nd5 Nd7 25. a4 Ra8 26. a5 b4 27. Ba4 Qc8 28. cxb4 Bxd5 29. Bxd7 Qxd7 30. Rxd5 1-0

[Event "XI Paracin Festival 2018"]
[Site "Paracin"]
[Date "2018.07.07"]
[Round "2"]
[White "Atalik, Suat"]
[Black "Kathmale, Sameer"]
[Result "1/2-1/2"]
[ECO "D16"]
[WhiteElo "2512"]
[BlackElo "2323"]
[Annotator "ChessBase"]
[PlyCount "62"]
[EventDate "2018.07.06"]
[EventType "swiss"]
[EventCountry "SRB"]
[SourceTitle "playchess.com"]
[Source "ChessBase"]
[SourceQuality "1"]
[TimeControl "5400+30"]

1. d4 Nf6 2. c4 c6 3. Nc3 d5 4. Nf3 dxc4 5. a4 a5 6. e4 Bg4 7. Bxc4 e6 8. O-O Bb4 9. Qd3 Bxf3 10. gxf3 Nbd7 11. Kh1 Qe7 12. Na2 e5 13. Nxb4 axb4 14. Be3 O-O 15. d5 cxd5 16. Bxd5 Rfd8 17. Rfd1 Nxd5 18. exd5 Nf6 19. d6 Qe6 20. Bg5 e4 21. Qe3 Rxd6 22. Bxf6 Qxf6 23. Rxd6 Qxd6 24. Qxe4 g6 25. Qxb7 Rxa4 26. Rxa4 Qd1+ 27. Kg2 Qxa4 28. Qb8+ Kg7 29. Qe5+ Kg8 30. Qb8+ Kg7 31. Qe5+ Kg8 1/2-1/2

[Event "XI Paracin Festival 2018"]
[Site "Paracin"]
[Date "2018.07.07"]
[Round "2"]
[White "Lorparizangeneh, Shahin"]
[Black "Konaplev, Anton"]
[Result "*"]
[WhiteElo "2493"]
[BlackElo "2316"]
[Annotator "ChessBase"]
[PlyCount "89"]
[EventDate "2018.07.06"]
[EventType "swiss"]
[EventCountry "SRB"]
[SourceTitle "playchess.com"]
[Source "ChessBase"]
[SourceQuality "1"]
[TimeControl "5400+30"]

1. Nf3 d5 2. g3 Nf6 3. Bg2 e6 4. O-O c5 5. c4 dxc4 6. Na3 Nc6 7. Nxc4 Be7 8. b3 O-O 9. Bb2 Bd7 10. d4 b5 11. Nce5 Rc8 12. dxc5 Bxc5 13. Rc1 Be7 14. Qd3 Nb4 15. Qb1 Nfd5 16. Rxc8 Qxc8 17. Rc1 Qd8 18. a3 Na6 19. Nxd7 Qxd7 20. Ne5 Qb7 21. b4 Nb8 22. Be4 h6 23. Ng4 Rd8 24. Ne3 Nd7 25. Bxd5 exd5 26. Qc2 Bf6 27. Nf5 Qb6 28. Bxf6 Nxf6 29. Qc7 Qxc7 30. Rxc7 d4 31. Ne7+ Kh7 32. Nc6 d3 33. exd3 Rxd3 34. Rxa7 Ne4 35. Rxf7 Rxa3 36. h4 Rc3 37. Nd4 Kg6 38. Re7 Nxg3 39. fxg3 Rxg3+ 40. Kf2 Rc3 41. Re6+ Kh5 42. Rc6 Ra3 43. Rc5+ Kxh4 44. Nf5+ Kg4 45. Nxg7 *

[Event "XI Paracin Festival 2018"]
[Site "Paracin"]
[Date "2018.07.07"]
[Round "2"]
[White "Tan, Justin"]
[Black "Pantelic, Sasa"]
[Result "1-0"]
[ECO "B01"]
[WhiteElo "2481"]
[BlackElo "2316"]
[Annotator "ChessBase"]
[PlyCount "89"]
[EventDate "2018.07.06"]
[EventType "swiss"]
[EventCountry "SRB"]
[SourceTitle "playchess.com"]
[Source "ChessBase"]
[SourceQuality "1"]
[TimeControl "5400+30"]

1. e4 d5 2. exd5 Qxd5 3. Nc3 Qa5 4. d4 c6 5. Bc4 Nf6 6. Nf3 Bg4 7. h3 Bxf3 8. Qxf3 e6 9. O-O Nbd7 10. a3 Bd6 11. Re1 O-O 12. Bd2 Qc7 13. Rad1 Rfe8 14. Bg5 Nd5 15. Ne4 Be7 16. Bc1 N7f6 17. Nc5 Rad8 18. Ba2 Bxc5 19. dxc5 e5 20. Bg5 h6 21. Bh4 g5 22. Bg3 Nf4 23. Qe3 Kg7 24. Bc4 Rd4 25. Rxd4 exd4 26. Qd2 Rxe1+ 27. Qxe1 Kf8 28. f3 b6 29. b4 bxc5 30. bxc5 Nd7 31. Qe4 Qe5 32. Qxc6 Nxc5 33. Qxh6+ Ke7 34. Kh2 Qf5 35. Qc6 Nce6 36. Bxe6 Nxe6 37. Bd6+ Kf6 38. Qe4 Qa5 39. h4 gxh4 40. Qxh4+ Kg6 41. Qg4+ Kf6 42. f4 Qd5 43. Qh4+ Kg6 44. Be5 Qe4 45. Qf6+ 1-0

[Event "XI Paracin Festival 2018"]
[Site "Paracin"]
[Date "2018.07.07"]
[Round "2"]
[White "Harsha, Bharathakoti"]
[Black "Cerovic, Danilo"]
[Result "1-0"]
[ECO "A06"]
[WhiteElo "2465"]
[BlackElo "2294"]
[Annotator "ChessBase"]
[PlyCount "85"]
[EventDate "2018.07.06"]
[EventType "swiss"]
[EventCountry "SRB"]
[SourceTitle "playchess.com"]
[Source "ChessBase"]
[SourceQuality "1"]
[TimeControl "5400+30"]

1. Nf3 d5 2. e3 Nf6 3. c4 c6 4. Nc3 g6 5. Qc2 Bg7 6. d4 O-O 7. Bd3 c5 8. cxd5 cxd4 9. Nxd4 Nxd5 10. Nxd5 Qxd5 11. Be4 Qd8 12. O-O e5 13. Nb3 f5 14. Rd1 Qe7 15. Bd5+ Be6 16. e4 Bxd5 17. exd5 Nd7 18. Qc7 b6 19. Bd2 Qf7 20. Rac1 Nf6 21. d6 Rad8 22. Bb4 Rd7 23. Qc6 Rfd8 24. Nd2 Qd5 25. Qa4 Qf7 26. Nc4 Nd5 27. Bd2 h6 28. Qb5 e4 29. Rc2 Kh7 30. Rcc1 Qe6 31. a4 f4 32. Be1 Nf6 33. Qc6 f3 34. gxf3 Qh3 35. fxe4 Ng4 36. e5 Bxe5 37. Qg2 Bxh2+ 38. Kf1 Qh5 39. Rd5 Be5 40. Nxe5 Nxe5 41. Bc3 Rxd6 42. Rxe5 Rd1+ 43. Re1 1-0

[Event "XI Paracin Festival 2018"]
[Site "Paracin"]
[Date "2018.07.07"]
[Round "2"]
[White "Petrov, Martin"]
[Black "Gomes, Mary Ann"]
[Result "1-0"]
[ECO "B90"]
[WhiteElo "2441"]
[BlackElo "2284"]
[Annotator "ChessBase"]
[PlyCount "63"]
[EventDate "2018.07.06"]
[EventType "swiss"]
[EventCountry "SRB"]
[SourceTitle "playchess.com"]
[Source "ChessBase"]
[SourceQuality "1"]
[TimeControl "5400+30"]

1. e4 c5 2. Nf3 d6 3. d4 cxd4 4. Nxd4 Nf6 5. Nc3 a6 6. Be3 e5 7. Nb3 Be6 8. h3 Be7 9. f4 exf4 10. Bxf4 Nc6 11. Qe2 Rc8 12. O-O-O Bxb3 13. cxb3 Qa5 14. Kb1 O-O 15. g4 g6 16. h4 Rfe8 17. g5 Nh5 18. Bh2 Bf8 19. a3 Bg7 20. b4 Qd8 21. Bh3 Nd4 22. Qd3 Rc6 23. Bg4 Qe7 24. Rhe1 f5 25. Bxh5 gxh5 26. Nd5 Qf7 27. Nf6+ Bxf6 28. gxf6 Nb5 29. Rg1+ Kh8 30. Qd5 Qxf6 31. e5 Qxh4 32. Qf7 1-0

[Event "XI Paracin Festival 2018"]
[Site "Paracin"]
[Date "2018.07.07"]
[Round "2"]
[White "Arsovic, Zoran"]
[Black "Cvetkovic, Nemanja"]
[Result "0-1"]
[ECO "D05"]
[WhiteElo "2436"]
[BlackElo "2278"]
[Annotator "NA"]
[PlyCount "76"]
[EventDate "2018.07.06"]
[EventType "swiss"]
[EventCountry "SRB"]
[SourceTitle "playchess.com"]
[Source "ChessBase"]
[SourceQuality "1"]
[TimeControl "5400+30"]

1. d4 Nf6 2. Nf3 e6 3. e3 d5 4. Bd3 c5 5. b3 Nc6 6. O-O Bd6 7. Bb2 Qc7 ({Black should play} 7... cxd4 $11 8. exd4 Bd7) 8. c4 {[%emt 0:00:47] D05: Damenbauernspiele (Colle-Aufbau)} (8. dxc5 Bxc5 9. c4 dxc4 10. Bxc4 Be7 11. Nbd2 O-O 12. Rc1 a6 13. Qc2 Qb8 14. Ne4 e5 15. Nxf6+ Bxf6 {½-½ (69) Adhiban,B (2666)-Atabayev,M (2492) Doha 2016}) 8... dxc4 9. bxc4 {[%emt 0:03:37] LiveBook: 8 Games} O-O 10. Nc3 a6 11. Rc1 Bd7 $146 ({Vorgänger:} 11... cxd4 12. exd4 Bf4 13. Rb1 Rd8 14. Ne4 Nxe4 15. Bxe4 Rb8 {½-½ (15) Mosny,J (1923)-Gasa,P (1906) Slovakia 2013}) 12. d5 exd5 13. Nxd5 Nxd5 14. cxd5 Ne7 15. e4 f6 $11 16. Re1 Bf4 17. Rc3 Bg4 18. Kh1 Ng6 19. Be2 b5 20. Nd4 Bd7 21. Bg4 Bxg4 22. Qxg4 Qa5 23. Nc6 Qxa2 24. Qe2 b4 25. Rxc5 Be5 26. Bxe5 Qxe2 27. Rxe2 Nxe5 28. Ne7+ Kf7 29. Rc7 a5 30. Nf5+ Kg8 31. Rxg7+ Kh8 32. f4 Nd3 33. Rc2 Rfc8 34. Rc6 b3 35. Rb7 Rcb8 36. Rcc7 Rxb7 37. Rxb7 b2 38. d6 Nb4 0-1

[Event "XI Paracin Festival 2018"]
[Site "Paracin"]
[Date "2018.07.07"]
[Round "2"]
[White "Stankovic, Milos"]
[Black "Popovic, Milan S"]
[Result "1/2-1/2"]
[ECO "B53"]
[WhiteElo "2420"]
[BlackElo "2264"]
[Annotator "NA"]
[PlyCount "140"]
[EventDate "2018.07.06"]
[EventType "swiss"]
[EventCountry "SRB"]
[SourceTitle "playchess.com"]
[Source "ChessBase"]
[SourceQuality "1"]
[TimeControl "5400+30"]

1. e4 c5 2. Nf3 d6 3. d4 cxd4 4. Qxd4 Nf6 5. Nc3 Nc6 6. Bb5 Bd7 7. Bxc6 Bxc6 8. Bg5 e6 9. O-O-O Be7 $1 10. Qd3 Qa5 11. Bd2 {[%emt 0:08:57] LiveBook: 27 Games B53: Sizilianisch (Ungarische Variante)} (11. h4 h6 12. Bd2 Qa6 13. Nd4 Qxd3 14. cxd3 Ng4 15. Nxc6 bxc6 16. Rdf1 d5 17. Kc2 Bc5 18. Nd1 h5 19. Bc3 Nf6 20. f3 {1-0 (59) Hamdouchi,H (2580)-Navara,D (2727) Brest 2018}) 11... Qa6 12. Nd4 Qxd3 13. cxd3 Rc8 14. h3 $146 ({Vorgänger:} 14. Kb1 d5 15. f3 O-O 16. e5 Nd7 17. f4 Nc5 18. Be3 f6 19. exf6 Bxf6 {0-1 (47) Kroeze,F (2396)-Burg,T (2490) Netherlands 2014}) 14... d5 15. e5 Nd7 16. f4 Bc5 17. Nb3 f6 18. Nxc5 Nxc5 19. Be3 Na4 20. Bd4 Nxc3 21. bxc3 Kf7 22. Rhf1 $11 f5 23. g4 g6 24. Rf2 a6 25. Rg1 Rhg8 26. Rfg2 h6 27. Kd2 Bb5 28. Ke3 Ba4 29. h4 h5 30. gxf5 gxf5 31. Rg5 Rxg5 32. fxg5 Kg6 33. Rb1 Bb5 34. a4 Bc6 35. Rb6 Rf8 36. Kf4 Rf7 37. Bc5 Rd7 38. a5 Rf7 39. Bf2 Rc7 40. Ke3 Kf7 41. Bg3 Rc8 42. Kd4 Rc7 43. Bf4 Rc8 44. Bd2 Rc7 45. Bc1 Rc8 46. Be3 Rc7 47. Bd2 Rc8 48. Kc5 Rc7 49. g6+ Kxg6 50. Kd6 Rf7 51. Kxe6 f4 52. Rb1 Bd7+ 53. Kxd5 Kf5 54. d4 Bc6+ 55. Kc5 Be4 56. Rg1 Rc7+ 57. Kd6 Rc6+ 58. Kd7 Bd5 59. Rg5+ Ke4 60. Rxh5 f3 61. Be1 Ke3 62. e6 Bxe6+ 63. Ke7 Bg4 64. Re5+ Kf4 65. h5 Rc7+ 66. Kf8 Rc8+ 67. Ke7 Rc7+ 68. Kf8 Rc8+ 69. Ke7 Rc6 {Kd6 f2+ Kd5 Kf3} 70. Re4+ Kxe4 {Kxe4} 1/2-1/2

[Event "XI Paracin Festival 2018"]
[Site "Paracin"]
[Date "2018.07.07"]
[Round "2"]
[White "Djordjevic, Vuk"]
[Black "Uzumcu, Ahmet Utku"]
[Result "1-0"]
[ECO "B20"]
[WhiteElo "2403"]
[BlackElo "2261"]
[Annotator "NA"]
[PlyCount "133"]
[EventDate "2018.07.06"]
[EventType "swiss"]
[EventCountry "SRB"]
[SourceTitle "playchess.com"]
[Source "ChessBase"]
[SourceQuality "1"]
[TimeControl "5400+30"]

1. e4 c5 2. Ne2 d6 3. g3 Nf6 4. Bg2 g6 {[%emt 0:01:42] B20: Sicilian: Unusual White 2nd moves} 5. c3 e5 6. d4 Nbd7 $146 ({Predecessor:} 6... cxd4 7. cxd4 Nc6 8. O-O Bg7 9. Nbc3 O-O 10. d5 Nb8 11. a4 a5 12. Nb5 Na6 13. Be3 Qe7 14. h3 Nd7 15. Rc1 Ndc5 16. Rc4 Bd7 17. Qc2 b6 {0-1 (49) Galkin,A (2607)-Shipov,S (2589) chessassistantclub.com INT 2004}) 7. Nd2 (7. dxe5 $16 Nxe5 8. O-O) 7... Qc7 8. O-O Bg7 9. b3 O-O 10. Bb2 Rd8 11. Rc1 b5 12. h3 Bb7 13. f4 exf4 14. gxf4 Re8 15. Ng3 cxd4 16. cxd4 Qb6 17. Kh2 Rac8 18. Rxc8 Rxc8 19. b4 a5 20. Qb3 Nb8 $14 (20... axb4 $15 21. Rf2 Ne8) 21. a3 axb4 22. axb4 Qc7 23. Rc1 Qd7 24. Rxc8+ Qxc8 25. d5 Qd7 26. Bc3 Qc8 27. Ne2 Nbd7 28. Bd4 Qc7 29. Qd3 Ba6 30. Nb3 Qc4 31. Qxc4 bxc4 32. Nbc1 Bh6 33. Bf3 Kf8 34. Na2 Ne8 35. Nac3 Nc7 36. Kg3 Ke7 37. h4 Kd8 38. Bg4 Bf8 39. Ng1 Be7 40. Be2 Kc8 41. Nf3 Kd8 42. Nd2 Nf6 43. Bxc4 Nh5+ 44. Kg4 Bc8+ 45. f5 Nf6+ 46. Kf4 Nh5+ 47. Kg4 Nf6+ 48. Kf3 gxf5 49. exf5 Bxf5 50. b5 Kc8 51. b6 Na8 52. Ba6+ Kb8 53. Nc4 Bd3 54. Ke3 Bxc4 55. Bxc4 Nd7 56. h5 Naxb6 57. Bd3 h6 58. Ke4 Nf6+ 59. Kf5 Nbxd5 60. Nxd5 Nxd5 61. Bc4 Nc7 62. Bxf7 Bg5 63. Kg6 Kc8 64. Bg7 Kd7 65. Bxh6 Be7 66. Bg7 d5 67. h6 1-0

[Event "XI Paracin Festival 2018"]
[Site "Paracin"]
[Date "2018.07.07"]
[Round "2"]
[White "Mcphillips, Joseph"]
[Black "Bratkovic, Jakob"]
[Result "0-1"]
[ECO "A00"]
[WhiteElo "2402"]
[BlackElo "2253"]
[Annotator "NA"]
[PlyCount "122"]
[EventDate "2018.07.06"]
[EventType "swiss"]
[EventCountry "SRB"]
[SourceTitle "playchess.com"]
[Source "ChessBase"]
[SourceQuality "1"]
[TimeControl "5400+30"]

1. e3 Nf6 2. b3 g6 3. Bb2 Bg7 4. Be2 O-O 5. Nf3 d5 6. O-O c5 7. c4 d4 {[%emt 0:04:21] A30: Symmetrical English: Double Fianchetto and Hedgehog} (7... dxc4 8. bxc4 Nc6 9. d3 b6 10. Nc3 Bb7 11. Rb1 e6 12. Qc2 Qe7 13. Nd2 Rfd8 14. a3 Ne8 15. f4 Nd6 16. Nce4 Nxe4 17. Nxe4 {0-1 (35) Kryvoruchko,Y (2710)-Anand,V (2803) Berlin 2015}) 8. exd4 Nh5 9. Ne5 {[%emt 0:01:28] LiveBook: 3 Games} Nf4 $146 ({Predecessor:} 9... cxd4 $5 10. Bxh5 Bxe5 $11 11. Bf3 Bg7 12. d3 Nc6 13. Nd2 e5 14. a3 a5 15. c5 {½-½ (30) Tran,T (2468)-Kovalev,V (2609) St Petersburg 2016}) 10. dxc5 Nd7 11. d4 Nxe5 12. dxe5 Qc7 13. Nc3 Qxe5 14. Bf3 Qxc5 15. Ne4 Qc7 16. Bxg7 Kxg7 17. Qd4+ Kg8 18. Rad1 Ne6 19. Qe3 Bd7 20. Nc3 Bc6 21. Bd5 Ng7 22. Rfe1 Nf5 23. Qc5 Qc8 24. Bxc6 bxc6 25. h3 h5 26. Rd3 h4 27. Red1 Qe6 28. R3d2 a5 $16 29. Na4 Kh7 30. Nb6 Rfd8 31. Kf1 Rxd2 32. Rxd2 Qe4 33. Re2 Qf4 34. Re1 Rd8 35. Kg1 Rd2 36. Rf1 Nd4 37. Kh1 Rxf2 38. Rxf2 Qxf2 39. Nd7 Qf1+ 40. Kh2 Qf4+ 41. Kh1 Ne2 42. Qa7 c5 43. Qxc5 Ng3+ 44. Kh2 Ne4+ 45. Kh1 Nxc5 46. Nxc5 Qd4 47. Na4 Qa1+ 48. Kh2 Qxa2 49. Nc5 Qb2 50. Kh1 Qa1+ 51. Kh2 Qe5+ 52. Kg1 Qxc5+ 53. Kf1 Qb4 54. c5 Qxb3 55. Kf2 a4 56. c6 a3 57. c7 Qb6+ 58. Kf3 Qxc7 59. g3 a2 60. gxh4 a1=Q 61. h5 Qac3+ 0-1

[Event "XI Paracin Festival 2018"]
[Site "Paracin"]
[Date "2018.07.07"]
[Round "2"]
[White "Tomic, Aleksandar"]
[Black "Danaci, Ege"]
[Result "1-0"]
[ECO "E81"]
[WhiteElo "2347"]
[BlackElo "1902"]
[Annotator "NA"]
[PlyCount "99"]
[EventDate "2018.07.06"]
[EventType "swiss"]
[EventCountry "SRB"]
[SourceTitle "playchess.com"]
[Source "ChessBase"]
[SourceQuality "1"]
[TimeControl "5400+30"]

1. d4 Nf6 2. c4 g6 3. Nc3 Bg7 4. e4 d6 5. f3 O-O 6. Bg5 c5 7. d5 a6 8. a4 e6 9. Qd2 exd5 10. cxd5 Nbd7 11. Nh3 Re8 12. Be2 h6 13. Be3 Ne5 14. Nf2 Kh7 15. O-O Nh5 $146 {A65: Modern Benoni: 6 e4} ({Predecessor:} 15... g5 16. a5 b5 17. axb6 Nfd7 18. Na4 Nxb6 19. Nxb6 Qxb6 20. Qc2 Ng6 21. Rab1 a5 22. b3 Ba6 {½-½ (22) Preotu,R (2497)-Stremavicius,T (2422) Dallas 2017}) 16. f4 Qh4 17. fxe5 Bxe5 18. Nh3 $1 Bxh3 19. Rxf7+ Kg8 20. Bf2 Bd4 21. Bxd4 cxd4 22. Raf1 Qg5 $14 23. Qxg5 hxg5 24. Nb1 Nf4 25. R7xf4 gxf4 26. gxh3 Rxe4 27. Bf3 Re3 28. Bg4 b5 29. Nd2 bxa4 30. Rxf4 Rb8 31. Nc4 Re1+ 32. Kf2 Rc1 33. Rxd4 Rb4 34. Be2 Rh1 35. Bf1 Rxh2+ 36. Bg2 Kg7 37. Kg1 Rxg2+ 38. Kxg2 Kf6 39. h4 Rb3 40. Kf2 Kf5 41. Ke2 Rh3 42. Kd2 Rb3 43. Kc2 Rh3 44. Kb1 Rb3 45. Rd2 a3 46. Nxd6+ Kf6 47. Nc4 axb2 48. d6 Rb8 49. d7 Ke7 50. Na5 1-0

[Event "XI Paracin Festival 2018"]
[Site "Paracin"]
[Date "2018.07.07"]
[Round "2"]
[White "Nestorovic, Dejan"]
[Black "Ayan, Bengu Sena"]
[Result "1-0"]
[ECO "D10"]
[WhiteElo "2341"]
[BlackElo "1787"]
[Annotator "NA"]
[PlyCount "81"]
[EventDate "2018.07.06"]
[EventType "swiss"]
[EventCountry "SRB"]
[SourceTitle "playchess.com"]
[Source "ChessBase"]
[SourceQuality "1"]
[TimeControl "5400+30"]

1. d4 d5 2. c4 c6 3. cxd5 cxd5 4. Bg5 Nc6 5. Nc3 Nf6 {[%emt 0:11:18] LiveBook: 29 Games} 6. Bxf6 exf6 7. e3 Be6 8. Qb3 Qd7 9. Bd3 Be7 10. Nge2 O-O 11. Nf4 Rfd8 12. O-O {[%emt 0:08:27] Rac} Rac8 {[%emt 0:05:20] Ra} 13. Rac1 a6 14. Qd1 $14 Bd6 15. Nfxd5 Bxd5 16. Nxd5 Bxh2+ 17. Kxh2 Qxd5 18. Bc4 Qd6+ 19. Kg1 f5 20. Qf3 g6 21. a3 Re8 22. g3 h5 23. Bd5 h4 24. gxh4 Qf6 25. Qf4 Kg7 26. Kg2 Rh8 27. Rh1 Rh6 28. Rc5 Rch8 29. Bxc6 bxc6 30. Qe5 Qxe5 31. dxe5 g5 32. h5 Rb8 33. b4 Rd8 34. Rhc1 Rd3 35. R1c3 Rxc3 36. Rxc3 Re6 37. Rc5 Kh6 38. Ra5 Kxh5 39. Rxa6 Rxe5 40. Rxc6 g4 41. Rc5 1-0